 Dungeon Crawl Stone Soup version 0.29-a0-789-g7a8fcbc185 (webtiles) character file.

Game seed: 11318475228091062787

90776 buhh the Fighter (level 16, -16/144 HPs)
             Began as an Octopode Transmuter on July 2, 2022.
             Was the Champion of Cheibriados.
             Demolished by Saint Roka
             ... wielding a +1 war axe of flaming
              (35 damage)
             ... on level 2 of the Orcish Mines on July 3, 2022.
             The game lasted 00:48:47 (26440 turns).

buhh the Fighter (Octopode Transmuter)             Turns: 26440, Time: 00:48:48

Health: -16/144    AC: 13    Str: 25    XL:     16   Next: 1%
Magic:  25/25      EV: 33    Int: 37    God:    Cheibriados [******]
Gold:   1994       SH:  0    Dex: 46    Spells: 6/19 levels left

rFire   x . .      SeeInvis .     - Unarmed
rCold   + + +      Faith    .   (shield currently unavailable)
rNeg    . . .      Spirit   .   (helmet currently unavailable)
rPois   +          Reflect  .   w - amulet of regeneration
rElec   .          Harm     .   b - ring of flight
rCorr   +          Rampage  .   u - +4 ring of protection
Will    +....                   m - ring of resist corrosion
Stlth   ++++++....              r - ring of Shadows {Umbra +Inv Stlth+}
HPRegen 1.14/turn               o - +6 ring of dexterity
MPRegen 0.19/turn               A - ring of protection from cold
                                f - +6 ring of dexterity
                                L - +6 ring of dexterity

@: ice-form, silenced, flying, wreathed by umbra, very slow
A: freezing attack, boosted hp, almost no armour, amphibious, 8 rings, large,
(camouflage 1), (gelatinous body 1), (nimble swimmer 1), (tentacles)
a: End Transformation, Renounce Religion, Evoke Invisibility


You were on level 2 of the Orcish Mines.
You worshipped Cheibriados.
Cheibriados was exalted by your worship.
You were a creature of crystalline ice.
You visited 4 branches of the dungeon, and saw 23 of its levels.
You also visited: Ice Cave.

You collected 2071 gold pieces.
You spent 77 gold pieces at shops.

Inventory:

Missiles
 x - 4 curare-tipped darts
Armour
 K - a +2 hat of willpower (melded)
 U - a +0 kite shield of cold resistance {!d}
Magical Staves
 S - a staff of air
Jewellery
 b - a ring of flight (left front paw)
 d - an amulet of magic regeneration
 f - a +6 ring of dexterity (on tentacle)
 m - a ring of resist corrosion (on tentacle)
 o - a +6 ring of dexterity (on tentacle)
 r - the ring of Shadows (on tentacle) {Umbra +Inv Stlth+}
   (You found it on level 4 of the Dungeon)

   [ring of stealth]

   It surrounds you with an aura of shadow, increasing your stealth and reducing
   the accuracy of all others within it.
   +Inv:      It lets you turn invisible.
   Stlth:     It makes you more stealthy.
 u - a +4 ring of protection (right front paw)
 w - an amulet of regeneration (around neck)
 A - a ring of protection from cold (on tentacle)
 L - a +6 ring of dexterity (on tentacle)
Wands
 l - a wand of mindburst (30)
 v - a wand of digging (27)
 y - a wand of polymorph (6)
 D - a wand of acid (9)
 V - a wand of iceblast (5)
 Y - a wand of charming (6)
Scrolls
 c - 3 scrolls of blinking {!d}
 g - 3 scrolls of identify {!d}
 i - 5 scrolls of summoning
 n - 2 scrolls of brand weapon
 p - 3 scrolls of fear {!r}
 q - 3 scrolls of silence {!r}
 t - 11 scrolls of teleportation {!d}
 B - a scroll of vulnerability
 E - a scroll of noise
 F - 3 scrolls of enchant weapon
 P - a scroll of magic mapping {!r!d}
 Q - 2 scrolls of fog
 R - 2 scrolls of torment
 T - 3 scrolls of immolation {!d}
 W - a scroll of poison
 X - 5 scrolls of amnesia
 Z - 2 scrolls of enchant armour
Potions
 a - a potion of ambrosia {unknown}
 e - 4 potions of attraction
 h - 3 potions of flight {unknown}
 j - 4 potions of might {unknown}
 k - a potion of resistance {unknown}
 z - 5 potions of mutation {unknown}
 C - a potion of degeneration {unknown}
 G - 2 potions of berserk rage {unknown}
 H - 2 potions of cancellation {unknown}
 I - a potion of invisibility {unknown}
 J - 3 potions of magic {!q!d}
 N - 5 potions of curing {!q!d}
 O - 2 potions of brilliance {unknown}


   Skills:
 * Level 14.5 Fighting
 * Level 14.5 Dodging
 - Level 4.0 Stealth
 * Level 14.5 Unarmed Combat
 - Level 2.0 Spellcasting
 - Level 5.0 Transmutations
 - Level 4.0 Ice Magic
 - Level 3.0 Poison Magic
 - Level 13.0 Invocations


You had 6 spell levels left.
You knew the following spells:

 Your Spells              Type           Power      Damage    Failure   Level
a - Beastly Appendage     Tmut           80%        N/A       1%          1
b - Wereblood             Tmut           40%        N/A       1%          2
c - Spider Form           Tmut/Pois      33%        N/A       2%          3
d - Frozen Ramparts       Ice            66%        1d8       2%          3
e - Ice Form              Ice/Tmut       37%        N/A       8%          4

Your spell library contained the following spells:

 Spells                   Type           Power      Damage    Failure   Level
 Freeze                   Ice            100%       1d11      1%          1
 Ozocubu's Armour         Ice            33%        N/A       2%          3
 Apportation              Tloc           6%         N/A       4%          1
 Necrotize                Necr           12%        1d4       4%          1
 Summon Small Mammal      Summ           12%        N/A       4%          1
 Ignite Poison            Fire/Tmut/Pois 23%        N/A       4%          3
 Static Discharge         Conj/Air       3%         3-4/arc   8%          2
 Call Canine Familiar     Summ           3%         N/A       14%         3
 Confusing Touch          Hex            3%         N/A       14%         3
 Conjure Flame            Conj/Fire      3%         6-21      14%         3
 Dazzling Flash           Conj/Hex       6%         N/A       14%         3
 Summon Guardian Golem    Hex/Summ       3%         N/A       14%         3
 Hailstorm                Conj/Ice       18%        3d6       22%         4
 Summon Ice Beast         Ice/Summ       18%        N/A       22%         4
 Dispel Undead            Necr           3%         3d7       43%         4
 Passage of Golubria      Tloc           3%         N/A       43%         4
 Sticky Flame             Conj/Fire      3%         2d3       43%         4
 Yara's Violent Unravell  Hex/Tmut       11%        3d6       43%         5
 Metabolic Englaciation   Hex/Ice        9%         N/A       52%         5
 Freezing Cloud           Conj/Ice/Air   6%         6-21      63%         5
 Agony                    Necr           3%         N/A       80%         5
 Silence                  Hex/Air        1%         N/A       80%         5
 Summon Forest            Summ/Tloc      1%         N/A       80%         5
 Summon Mana Viper        Hex/Summ       3%         N/A       80%         5
 Eringya's Noxious Bog    Tmut/Pois      16%        N/A       82%         6
 Simulacrum               Ice/Necr       9%         N/A       97%         6
 Enfeeble                 Hex            1%         N/A       100%        7
 Monstrous Menagerie      Summ           1%         N/A       100%        7
 Summon Hydra             Summ           1%         N/A       100%        7
 Lehudib's Crystal Spear  Conj/Erth      1%         10d2      100%        8
 Polar Vortex             Ice            16%        N/A       100%        9


Dungeon Overview and Level Annotations

Branches:
Dungeon (14/15) Zot: 39179  Temple (1/1) D:6 Zot: 8432    Lair (6/6) D:11 Zot: 35900
 Shoals (0/4) Lair:4        Snake (0/4) Lair:4        Slime (0/5) Lair:5
    Orc (2/2) D:9 Zot: 16726     Elf (0/3) Orc:2        Vaults (0/5) D:13
  IceCv (visited)

Altars:
Ashenzari
Cheibriados
Dithmenos
Elyvilon
Fedhas
Gozag
Hepliaklqana
Kikubaaqudgha
Makhleb
Nemelex Xobeh
Okawaru
Qazlal
Ru
Sif Muna
Trog
Uskayaw
Vehumet
Wu Jian
Xom
Yredelemnul
Zin
The Shining One

Shops:
D:5 (   D:9 [   D:12 *   D:14 [   Orc:1 [

Portals:
Abyss: Lair:5
Trove: D:10 (give 15 potions of curing)

Annotations:
D:7 exclusion: hornet, Prince Ribbit
D:10 exclusion: guardian mummy
D:14 Louise
Lair:5 2 transporters, Wanecan's ghost, journeyman HuBe
Lair:6 2 transporters, zhov's ghost, journeyman DsFi
Orc:1 3 runed translucent doors, Etrinato's ghost, journeyman OpIE
Orc:2 Saint Roka


Innate Abilities, Weirdness & Mutations

You are a creature of crystalline ice.
You have a powerful freezing melee attack.
Your maximum health is increased.
Your armour is entirely melded.
You are incapable of wielding weapons or throwing items.
You cannot wear most types of armour.
You are amphibious.
You can wear up to eight rings at the same time.
((Your skin changes colour to match your surroundings (Stealth+).))
((Your rubbery body absorbs attacks. (AC +1, EV +1)))
((You are camouflaged when in or above water. (Stealth+)))
((You have tentacles for arms and can constrict up to eight enemies at once.))


Message History

Saint Roka melts you.
* * * LOW HITPOINT WARNING * * *
You cannot cast spells when silenced!
Really quaff
M - a potion of heal wounds {!q!d}?
You feel much better.
Saint Roka hits you with a +1 war axe of flaming!
* * * LOW HITPOINT WARNING * * *
Saint Roka melts you.
* * * LOW HITPOINT WARNING * * *
Really quaff
N - 10 potions of curing {!q!d}?
You feel better. Saint Roka barely misses you.
Really quaff
N - 9 potions of curing {!q!d}?
You feel better. Saint Roka hits you but does no damage.
It was a potion of magic.
Magic courses through your body.
J - 3 potions of magic
L - a +6 ring of dexterity (on tentacle) Saint Roka hits you with a +1 war axe of flaming!!
* * * LOW HITPOINT WARNING * * *
Saint Roka melts you!!
* * * LOW HITPOINT WARNING * * *
Really quaff
N - 8 potions of curing {!q!d}?
You feel better.
Saint Roka hits you with a +1 war axe of flaming!
* * * LOW HITPOINT WARNING * * *
Saint Roka melts you.
* * * LOW HITPOINT WARNING * * *
Okay, then.
Magic scrolls do not work when you're silenced!
Really quaff
N - 7 potions of curing {!q!d}?
You feel better.
Saint Roka hits you with a +1 war axe of flaming.
* * * LOW HITPOINT WARNING * * *
Saint Roka melts you.
* * * LOW HITPOINT WARNING * * *
You cannot cast spells when silenced!
Okay, then.
Really quaff
N - 6 potions of curing {!q!d}?
You feel better.
Saint Roka hits you with a +1 war axe of flaming!!
You die...

##<...##......... ....#.)..###
#......#...................##
##.#..).))....................###
#......))#....#........#.......#.
##.##.##....................#....
#....##...........#..#......)....
.......#........................#
#..#............o..........#.....
#...............Y)....#.#.#.....#
##.#............).#...##.........
##............))### ..##........
##.................## ##.#....$.
#....#..............# .......##
##..#..........)...## .##.##
#................).#
#...#.#.#..##..)..###
##.###...#####......##


You could see Saint Roka.

Vanquished Creatures
  Jorgrun (Orc:2)
  Gastronok (D:9)
  A frost giant (IceCv)
  2 dire elephants (Lair:6)
  Josephine (Orc:1)
  8 vault guards (D:13)
  11 hydras
  Fannar (D:11)
  6 death yaks
  2 two-headed ogres
  3 catoblepae
  A centaur warrior (D:13)
  A tengu warrior (D:13)
  An orc high priest (Orc:1)
  Amaemon (Lair:3)
  3 lindwurms (Lair:6)
  An oklob plant (Lair:5)
  An ugly thing (IceCv)
  2 cyclopes (D:14)
  4 manticores
  An ice statue (IceCv)
  9 black mambas
  10 elephants (Lair:6)
  A torpor snail (Lair:4)
  24 cane toads
  An orange demon (Lair:3)
  2 kobold demonologists
  15 komodo dragons
  10 rime drakes
  2 tengu conjurers (D:14)
  2 trolls
  10 polar bears
  A hornet (shapeshifter) (D:14)
  9 slime creatures
  A wind drake (shapeshifter) (D:14)
  21 blink frogs
  16 dream sheep
  Grinder (D:6)
  A shadow (D:11)
  10 wyverns
  71 yaks
  8 wraiths
  A water elemental (D:11)
  14 basilisks
  A steam dragon (D:7)
  3 wargs
  Menkaure (D:6)
  5 nagas (Lair:4)
  An acid dragon (D:14)
  Edmund (D:6)
  A hell hound (Lair:5)
  9 water moccasins
  Duvessa (D:6)
  18 orc warriors
  36 wolves
  3 black bears
  2 centaurs
  8 ogres
  2 phantoms (D:6)
  4 kobold brigands
  2 necrophages (D:6)
  Blork the orc (D:6)
  8 bullfrogs
  4 jellies
  A scorpion (D:6)
  21 wights
  Dowan (D:6)
  3 killer bees (D:9)
  5 electric eels
  2 howler monkeys
  10 orc priests
  4 hounds
  A bouda (D:5)
  Natasha (thrice) (D:4)
  4 hell rats (Lair:5)
  3 iguanas
  15 orc wizards
  13 gnolls
  9 adders
  A shadow imp (D:5)
  A white imp (D:6)
  2 ufetubi
  A worm (D:3)
  3 dart slugs
  44 orcs
  9 endoplasms
  6 giant cockroaches
  5 goblins
  9 hobgoblins
  3 quokkas
  9 ball pythons
  6 bats
  3 frilled lizards
  19 kobolds
  3 rats
623 creatures vanquished.

Vanquished Creatures (others)
  20 fungi
  39 plants
59 creatures vanquished.

Grand Total: 682 creatures vanquished

Notes
Turn   | Place    | Note
-------+----------+-------------------------------------------
     0 | D:1      | buhh the Octopode Transmuter began the quest for the Orb.
     0 | D:1      | Reached XP level 1. HP: 13/13 MP: 3/3
   346 | D:1      | Reached XP level 2. HP: 17/18 MP: 3/5
   929 | D:1      | Reached XP level 3. HP: 24/24 MP: 4/6
  1908 | D:2      | Found a white marble altar of Elyvilon.
  2024 | D:2      | Reached XP level 4. HP: 30/30 MP: 5/7
  2703 | D:2      | Learned a level 2 spell: Wereblood
  2707 | D:2      | Learned a level 3 spell: Spider Form
  3479 | D:4      | Found the ring of Shadows {Umbra +Inv Stlth+}
  3491 | D:4      | Reached XP level 5. HP: 35/36 MP: 5/8
  3513 | D:4      | Noticed Natasha
  3577 | D:4      | Killed Natasha
  3620 | D:4      | Noticed Natasha
  3630 | D:4      | Killed Natasha
  3903 | D:4      | Noticed Natasha
  3918 | D:4      | Killed Natasha
  4055 | D:4      | Reached XP level 6. HP: 34/43 MP: 5/9
  4205 | D:4      | Found a faded altar of an unknown god.
  4205 | D:4      | Found a shimmering blue altar of Sif Muna.
  4213 | D:4      | Found a sacrificial altar of Ru.
  4215 | D:4      | Found an ornate altar of the Wu Jian Council.
  4217 | D:4      | Found a hide-covered altar of Uskayaw.
  4271 | D:5      | Entered Level 5 of the Dungeon
  4761 | D:5      | Reached XP level 7. HP: 49/49 MP: 4/10
  4879 | D:5      | Found Xeulol's Hydra Hut.
  4884 | D:5      | Noticed a four-headed hydra
  5216 | D:5      | Found a bloodstained altar of Trog.
  5366 | D:6      | Noticed Duvessa
  5366 | D:6      | Noticed Dowan
  5971 | D:6      | Noticed Edmund
  6025 | D:6      | Reached XP level 8. HP: 51/55 MP: 9/11
  6237 | D:6      | Found a staircase to the Ecumenical Temple.
  6331 | Temple   | Entered the Ecumenical Temple
  6697 | Temple   | Became a worshipper of Cheibriados the Contemplative
  6754 | D:6      | Noticed Blork the orc
  6825 | D:6      | Noticed Grinder
  6845 | D:6      | Killed Grinder
  6971 | D:6      | Reached XP level 9. HP: 62/62 MP: 8/12
  7252 | D:6      | Noticed Menkaure
  7261 | D:6      | Killed Menkaure
  7796 | D:6      | Killed Edmund
  7915 | D:6      | Killed Blork the orc
  8106 | D:6      | Killed Duvessa
  8110 | D:6      | Killed Dowan
  8160 | D:6      | Reached * piety under Cheibriados
  8422 | D:7      | Noticed a hornet
  8738 | D:7      | Noticed Prince Ribbit
  9006 | D:7      | Reached ** piety under Cheibriados
  9202 | D:7      | Reached XP level 10. HP: 72/72 MP: 9/13
  9986 | D:8      | Learned a level 3 spell: Frozen Ramparts
  9991 | D:8      | Learned a level 4 spell: Ice Form
 10023 | D:8      | Found an opulent altar of Gozag.
 11492 | D:9      | Reached *** piety under Cheibriados
 11730 | D:9      | Noticed Gastronok
 11757 | D:9      | Killed Gastronok
 11758 | D:9      | Reached XP level 11. HP: 57/80 MP: 12/14
 11881 | D:9      | Found Dala's Antique Armour Emporium.
 11888 | D:9      | Found a staircase to the Orcish Mines.
 12536 | D:10     | Entered Level 10 of the Dungeon
 13211 | D:10     | Found a portal to a secret trove of treasure.
 13499 | D:10     | Reached **** piety under Cheibriados
 13659 | D:10     | You are sucked into a shaft and drop 2 floors!
 13730 | D:11     | Noticed Fannar
 13738 | D:11     | Killed Fannar
 13961 | D:11     | Noticed a two-headed ogre
 14031 | D:11     | Identified the +8 mace "Heakag" {spect, Str-5 Int+5}
 14054 | D:11     | Noticed a manticore
 14133 | D:11     | Killed a two-headed ogre
 14278 | D:11     | Noticed an eight-headed hydra
 14283 | D:11     | Killed an eight-headed hydra
 14286 | D:11     | Killed a manticore
 14402 | D:11     | Found a staircase to the Lair.
 14768 | D:12     | Noticed a four-headed hydra
 14775 | D:12     | Killed a four-headed hydra
 14776 | D:12     | Reached XP level 12. HP: 74/87 MP: 11/15
 14936 | D:12     | Noticed a seven-headed hydra
 14948 | D:12     | Killed a seven-headed hydra
 15099 | D:12     | Found Urroenum's General Store.
 15103 | D:12     | Bought a scroll of identify for 28 gold pieces
 15103 | D:12     | Bought a scroll of fear for 49 gold pieces
 15270 | D:13     | Noticed a four-headed hydra
 15275 | D:13     | Killed a four-headed hydra
 15377 | D:13     | Found a frozen archway.
 15386 | IceCv    | Entered an ice cave
 15534 | IceCv    | Reached ***** piety under Cheibriados
 15805 | IceCv    | Identified the +10 dagger "Juushro" {spect, rPois Str+2}
 15873 | IceCv    | Noticed a death yak
 15894 | IceCv    | Killed a death yak
 15994 | IceCv    | Noticed a death yak
 15994 | IceCv    | Noticed a frost giant
 16088 | IceCv    | Noticed a death yak
 16098 | IceCv    | Killed a death yak
 16099 | IceCv    | Killed a death yak
 16100 | IceCv    | Reached XP level 13. HP: 83/93 MP: 11/21
 16115 | IceCv    | Killed a frost giant
 16116 | IceCv    | Reached skill level 11 in Invocations
 16134 | IceCv    | Identified the +4 flail "Coguq" {venom, rPois}
 16167 | IceCv    | Identified the +3 trident "Souru" {freeze, rN+ rCorr MP+9
                  | Dex-4}
 16661 | D:13     | Noticed a vault guard
 16661 | D:13     | Noticed a vault guard
 16702 | Lair:1   | Entered Level 1 of the Lair of Beasts
 18301 | Lair:2   | Reached skill level 11 in Fighting
 18306 | Lair:2   | Reached skill level 11 in Dodging
 18310 | Lair:2   | Reached skill level 11 in Unarmed Combat
 18796 | Lair:3   | You are sucked into a shaft and drop 1 floor!
 18843 | Lair:4   | Reached ****** piety under Cheibriados
 19154 | Lair:4   | Found a staircase to the Snake Pit.
 19204 | Lair:4   | Found a staircase to the Shoals.
 19234 | Lair:4   | Reached XP level 14. HP: 95/101 MP: 23/23
 20504 | Lair:5   | Noticed a tentacled starspawn
 20505 | Lair:5   | Found a transporter.
 20510 | Lair:5   | Found a one-way gate to the infinite horrors of the Abyss.
 20510 | Lair:5   | Noticed Wanecan's ghost (journeyman HuBe)
 20531 | Lair:5   | Found a transporter.
 20537 | Lair:5   | Found a staircase to the Slime Pits.
 21141 | Lair:6   | Entered Level 6 of the Lair of Beasts
 21410 | Lair:6   | Found a transporter.
 21546 | Lair:6   | Noticed zhov's ghost (journeyman DsFi)
 21822 | Lair:6   | Reached XP level 15. HP: 110/110 MP: 21/24
 22448 | Lair:6   | Found a transporter.
 23324 | Lair:3   | Noticed Amaemon
 23329 | Lair:3   | Killed Amaemon
 24119 | D:13     | Found a gate to the Vaults.
 24952 | D:14     | Found Ciorisam's Armour Shop.
 25000 | D:14     | Found a bloodstained altar of Trog.
 25514 | D:14     | Identified the +8 tower shield of the Evening Star {Fly
                  | rElec rC+++ Str-5}
 25514 | D:14     | Noticed Louise
 25650 | Orc:1    | Entered Level 1 of the Orcish Mines
 25686 | Orc:1    | Noticed Josephine
 25695 | Orc:1    | Killed Josephine
 25737 | Orc:1    | Found a runed translucent gate.
 25738 | Orc:1    | Found a runed translucent gate.
 25738 | Orc:1    | Found a runed translucent gate.
 25739 | Orc:1    | Noticed Etrinato's ghost (journeyman OpIE)
 25805 | Orc:1    | Found Miabbueh's Antique Armour Boutique.
 25958 | Orc:2    | Entered Level 2 of the Orcish Mines
 26034 | Orc:2    | Noticed Saint Roka
 26183 | Orc:2    | Found a staircase to the Elven Halls.
 26281 | Orc:2    | Noticed Jorgrun
 26289 | Orc:2    | Killed Jorgrun
 26404 | Orc:2    | Reached XP level 16. HP: 120/120 MP: 21/25
 26437 | Orc:2    | HP: 6/144 [Saint Roka/+1 war axe of flaming (18)]
 26440 | Orc:2    | Demolished by Saint Roka

Illustrated notes

Levels and vault maps discovered:
D:1:      sevenhm_arrival_forest_fort_small_4, layout_basic,
          grunt_decor_fettered, minmay_close_crescents
D:2:      layout_loops_corners, basic_altar
D:3:      layout_basic, minmay_misc_feat_rugged
D:4:      layout_gridville, chequers_temple_overflow_minitemple, uniq_natasha
D:5:      layout_basic, old_standard_altar, doesnt_shop_hydraphobe
D:6:      layout_gridville, temple_statues, minmay_statues_item, minmay_between,
          uniq_blork_the_orc, uniq_edmund, uniq_menkaure, uniq_grinder,
          uniq_duvessa
D:7:      layout_basic, hex_medium, uniq_prince_ribbit1
D:8:      layout_loops_corners, mainiacjoe_overflow_tiny_flanked
D:9:      layout_loops_ring, serial_shops, nicolae_shop_overgrown_old_shop,
          chequers_serial_rivers_micro_d, minmay_misc_feat_diagonals,
          uniq_gastronok
D:10:     layout_roguey, nicolae_trove_entry_path_of_doom,
          minmay_misc_feat_tiny, kennysheep_nondescript, st_stairs_7
D:11:     layout_basic, david_lair_shrubbed, uniq_fannar
D:12:     layout_gridville, serial_shops, shop
D:13:     layout_layer_cave, erik_vaults_2, portal_ice_cave_entry_pillars_2
D:14:     layout_irregular_city, bloody_trog, serial_shops, shop,
          small_statue_intersection, uniq_louise
Temple:   compressed_dpeg_triangle_lava_temple
Lair:1:   layout_layer_cave, beast_lair_carwin_1, grunt_megastairs_3
Lair:2:   layout_cave_shapes
Lair:3:   layout_concentric_octagons, uniq_amaemon
Lair:4:   layout_cave_pods, elwin_shoals_entry_rocks,
          minmay_snake_entry_guardpost_medium, minivault_24, grunt_megastairs_2,
          serial_bayou_shore_a
Lair:5:   layout_cave_pods, slime_entry_1, special_room
          [special_room_mythical_zoo], gammafunk_ghost_abyssal_escape
Lair:6:   hangedman_lair_in_review, layout_cave_pods, wormcave,
          gammafunk_ghost_berserking_beasts
Orc:1:    layout_diamond_mine, ebering_ghost_rock_garden, serial_shops, shop,
          uniq_josephine, uniq_sonja
Orc:2:    grunt_orc_tribal_feast, layout_caves, uniq_saint_roka, uniq_jorgrun,
          uniq_nessos

Skill      XL: |  1  2  3  4  5  6  7  8  9 10 11 12 13 14 15 |
---------------+----------------------------------------------+-----
Stealth        | 1 2 3 4 |  4.0
Fighting       | 2 3 4 5 6 7 9 10 11 13 14 | 14.5
Unarmed Combat | 4 5 6 8 9 10 11 13 14 | 14.5
Poison Magic   | 1 2 3 |  3.0
Transmutations | 4 5 |  5.0
Dodging        | 4 6 8 10 11 13 14 | 14.5
Ice Magic      | 4 |  4.0
Invocations    | 4 10 13 | 13.0
Spellcasting   | |  2.0

Action                   |  1- 3 |  4- 6 |  7- 9 | 10-12 | 13-15 | 16-18 || total
-------------------------+-------+-------+-------+-------+-------+-------++-------
Melee: Unarmed           |    74 |   147 |   246 |   504 |   748 |    20 ||  1739
       Constrict         |    19 |    16 |     8 |     6 |       |       ||    49
       Kick              |    19 |    31 |     2 |     3 |       |       ||    55
       Tentacles         |    11 |    18 |     6 |    10 |       |       ||    45
       Punch             |     1 |     2 |     4 |     3 |       |       ||    10
 Cast: Beastly Appendage |    33 |    27 |     3 |     1 |       |       ||    64
       Spider Form       |       |     6 |    31 |    26 |       |       ||    63
       Frozen Ramparts   |       |       |       |     8 |     6 |       ||    14
       Ice Form          |       |       |       |    31 |   109 |     1 ||   141
       Wereblood         |       |       |       |     3 |     4 |       ||     7
Invok: Slouch            |       |       |       |       |     9 |       ||     9
       Step From Time    |       |       |       |       |     1 |       ||     1
Evoke: Wand              |       |       |     4 |     7 |     5 |       ||    16
  Use: Potion            |       |     1 |     4 |       |     3 |     7 ||    15
       Scroll            |       |       |    10 |     7 |     4 |     1 ||    22
 Stab: Sleeping          |    12 |     3 |    10 |     9 |    28 |       ||    62
       Distracted        |       |       |       |     1 |       |       ||     1
       Petrifying        |       |       |       |       |     1 |       ||     1
Armor: Skin              |     6 |    35 |    19 |    67 |   107 |     2 ||   236
Dodge: Dodged            |    29 |   104 |   198 |   523 |   903 |    20 ||  1777
Block: Buckler           |     1 |     1 |       |       |       |       ||     2

Table legend: (Time is in decaauts)
 A = Elapsed time spent in this place.
 B = Non-inter-level travel time spent in this place.
 C = Inter-level travel time spent in this place.
 D = Time resting spent in this place.
 E = Time spent auto-exploring this place.
 F = Levels seen in this place.
 G = Mean time per level.
                   A        B        C        D        E       F      G
               +--------+--------+--------+--------+--------+-----+--------+
         Total |  35854 |  33757 |   2097 |   3659 |  24087 |  24 | 1493.9 |
       Dungeon |  20600 |  19410 |   1190 |   3033 |  13052 |  14 | 1471.4 |
        Temple |    384 |    348 |     36 |     78 |    262 |   1 |  384.0 |
          Lair |  12019 |  11176 |    843 |    454 |   9224 |   6 | 2003.2 |
  Orcish Mines |   1271 |   1245 |     26 |     54 |    928 |   2 |  635.5 |
      Ice Cave |   1577 |   1577 |      0 |     40 |    620 |   1 | 1577.0 |
               +--------+--------+--------+--------+--------+-----+--------+

Top non-repeatable levels by time:
  Lair:6: 3093 daAuts
  Lair:1: 2653 daAuts
     D:6: 2257 daAuts
  Lair:4: 2109 daAuts
     D:8: 2003 daAuts
    D:13: 1994 daAuts
  Lair:5: 1985 daAuts
     D:9: 1848 daAuts
    D:11: 1683 daAuts
   IceCv: 1577 daAuts
     D:7: 1562 daAuts
     D:5: 1502 daAuts
    D:10: 1461 daAuts
     D:1: 1414 daAuts
  Lair:3: 1340 daAuts
